Map: Overgrowth LE (Void)

Players

Coach

  • Race: Terran Terran
  • League: Diamond
  • Spawn Location: 7:00

Musumeci - Winner!

  • Race: Zerg Zerg
  • League: Diamond
  • Spawn Location: 1:00

VOD

Have the link to the VOD?

Description

Time

  • Played on: Jan. 2, 2017, 7:43 a.m.
  • Length: 10:57
Show
View Real Time Build Order
Export as new Build Order

Coach Terran 

Build Orders: Hellion Opening, Mech 

Get SALT Encoding   

  12  0:01  SCV  
  13  0:13  SCV  
  14  0:17  Supply Depot  
  14  0:25  SCV  
  15  0:29  Refinery  
  15  0:39  SCV  
  16  0:45  Barracks  
  16  0:51  SCV  
  17  1:03  SCV  
  18  1:16  SCV  
  19  1:28  SCV  
  20  1:33  Reaper  
  21  1:40  Orbital Command  
  21  1:47  Command Center  
  21  2:01  Factory  
  21  2:06  SCV  
  22  2:08  Refinery  
  22  2:18  Barracks Reactor, SCV  
  22  2:21  Supply Depot  
  23  2:43  SCV  
  24  2:48  Factory  
  24  2:55  SCV  
  25  3:01  Hellion x2  
  25  3:04  Orbital Command  
  29  3:07  SCV  
  29  3:10  Factory  
  29  3:12  Barracks Reactor  
  30  3:22  Hellion  
  30  3:24  Hellion  
  34  3:34  Factory Tech Lab  
  34  3:44  Hellion  
  34  3:46  Hellion  
  38  3:48  Orbital Command  
  38  3:54  SCV  
  42  4:02  Siege Tank  
  42  4:03  Marine x2  
  42  4:06  SCV  
  45  4:17  Factory Tech Lab  
  45  4:18  SCV  
  46  4:24  Marine x2  
  46  4:25  SCV, Hellion x2  
  53  4:36  SCV  
  54  4:40  Supply Depot  
  54  4:41  Supply Depot  
  54  4:42  SCV, Siege Tank x2  
  61  4:49  Armory  
  61  4:56  SCV  
  62  5:01  SCV  
  62  5:02  Hellion x2  
  62  5:04  Marine  
  62  5:05  Marine  
  69  5:15  Refinery  
  69  5:17  Siege Tank  
  72  5:24  Marine x2  
  72  5:25  Hellion  
  72  5:27  SCV  
  78  5:28  SCV  
  78  5:34  Supply Depot  
  78  5:40  Siege Tank  
  81  5:44  Hellion  
  81  5:48  SCV  
  81  5:49  SCV  
  85  6:02  Marine x2  
  87  6:12  Siege Tank x2  
  87  6:15  Hellion  
  93  6:26  SCV  
  93  6:31  Refinery  
  94  6:33  Engineering Bay  
  94  6:40  SCV, Marine x2  
  94  6:41  Hellion  
  94  6:44  Supply Depot  
  87  6:55  Hellion x3  
  86  7:02  Hellion  
  86  7:08  Marine x2  
  83  7:16  Siege Tank x2  
  83  7:30  Marine x2  
  83  7:32  Command Center  
  85  7:48  Marine x2  
  85  7:50  SCV x2  
  86  7:55  Siege Tank x2  
  86  7:56  Hellion  
  86  7:57  Hellion  
  76  8:06  Marine x2  
  66  8:20  Hellion x2  
  66  8:24  Marine x2  
  72  8:27  Siege Tank  
  72  8:28  Siege Tank  
  72  8:30  Supply Depot  
  65  8:46  Orbital Command  
  65  8:48  Hellion x2, Marine x2  
  67  9:06  Factory, Marine x2  
  67  9:09  Factory  
  69  9:25  Siege Tank x2  
  69  9:27  Hellion x2, Marine x2  
  69  9:28  Missile Turret  
  81  9:50  Hellion x2, Marine x2  
  81  9:52  Factory Tech Lab  
  87  10:09  Factory Tech Lab  
  87  10:10  Marine x2  
  87  10:11  Orbital Command  
  87  10:13  Hellion, Siege Tank x2  
  97  10:26  Missile Turret  
  97  10:28  Marine x2  
Show
View Real Time Build Order
Export as new Build Order

Musumeci Zerg - Winner!

Build Orders: Hatch First 

Get SALT Encoding   

  12  0:01  Drone  
  13  0:08  Drone  
  13  0:14  Extractor  
  13  0:15  Drone  
  15  0:41  Hatchery  
  14  0:45  Drone, Extractor  
  15  1:01  Spawning Pool  
  14  1:11  Extractor  
  14  1:12  Extractor  
  14  1:15  Drone x2  
  14  1:22  Overlord  
  16  1:40  Drone x2  
  18  1:47  Drone  
  18  1:49  Queen  
  21  1:54  Queen  
  21  1:55  Drone  
  25  2:01  Drone  
  25  2:07  Overlord  
  25  2:10  Drone  
  25  2:14  Drone  
  27  2:29  Queen  
  29  2:31  Drone x3  
  31  2:40  Queen  
  31  2:43  Drone x2  
  35  2:51  Drone  
  35  2:56  Drone  
  36  2:58  Overlord  
  36  3:20  Hatchery  
  36  3:21  Drone x6  
  36  3:26  Extractor x2  
  39  3:28  Roach Warren  
  39  3:31  Drone x2  
  40  3:44  Drone x4  
  44  3:58  Overlord x2  
  44  3:59  Overlord  
  46  4:17  Roach x3  
  46  4:18  Roach, Evolution Chamber  
  46  4:19  Evolution Chamber  
  50  4:48  Roach, Lair, Extractor  
  50  4:49  Roach  
  50  4:51  Extractor  
  52  4:53  Drone  
  52  4:54  Drone x2  
  52  4:55  Drone x3  
  52  4:56  Drone x2  
  60  5:05  Drone x3  
  63  5:11  Zerg Missile Weapons Level 1  
  63  5:14  Drone  
  63  5:15  Drone x4  
  68  5:32  Spore Crawler  
  68  5:33  Drone x4, Spore Crawler x2  
  68  5:35  Drone  
  70  5:36  Spore Crawler  
  70  5:38  Zerg Ground Armor Level 1  
  70  5:41  Roach x2  
  73  5:43  Overlord x2  
  73  5:44  Overlord x2  
  73  5:47  Glial Reconstitution  
  73  6:09  Ravager x3  
  73  6:10  Ravager  
  77  6:18  Roach x4  
  85  6:23  Roach x2  
  89  6:37  Hatchery  
  86  6:41  Roach  
  86  6:44  Ravager x2  
  79  7:04  Roach, Ravager  
  79  7:05  Roach x3  
  84  7:09  Roach x3  
  84  7:12  Overlord x2  
  84  7:13  Overlord x2  
  84  7:32  Roach x4  
  84  7:35  Roach  
  91  7:41  Ravager x4  
  95  7:44  Roach x2  
  84  8:06  Roach  
  84  8:07  Roach x5  
  94  8:19  Zergling x2  
  93  8:21  Roach x5  
  93  8:22  Hatchery  
  93  8:25  Zerg Missile Weapons Level 2  
  102  8:33  Hatchery  
  93  8:34  Roach  
  93  8:35  Roach  
  93  8:36  Ravager  
  95  8:48  Roach x6  
  107  9:06  Roach  
  107  9:07  Roach x3  
  115  9:14  Overlord x6  
  115  9:16  Extractor  
  114  9:20  Evolution Chamber, Extractor  
  114  9:22  Drone  
  114  9:23  Drone  
  114  9:30  Ravager x2  
  116  9:37  Drone  
  116  9:38  Drone x3  
  119  9:39  Drone x2  
  119  9:41  Ravager x5  
  129  9:45  Roach  
  129  9:46  Roach  
  131  9:55  Roach x6  
  143  10:11  Ravager x3  
  143  10:12  Roach x2  
  150  10:23  Extractor  
  150  10:24  Drone x3, Extractor  
  150  10:25  Drone x3  
  150  10:27  Ravager  
  155  10:30  Ravager  
  155  10:32  Ravager  
Tags
 
Add a new tag
Caveats
  • Supply blocks, unpowered buildings, or Contaminate may cause inaccurate times.
  • Supply counts are checked every 10 seconds.